 Dungeon Crawl Stone Soup version 0.29.0-11-gd7f09526c8 (webtiles) character file.

Game seed: 17232107371526020177

578 Flugkiller the Chopper (level 7, -3/58 (61) HPs)
             Began as a Minotaur Fighter on Sept 3, 2022.
             Was a Follower of Cheibriados.
             Slain by a wight
             ... wielding a +3 war axe
              (11 damage)
             ... on level 4 of the Dungeon.
             The game lasted 00:01:38 (2304 turns).

Flugkiller the Chopper (Minotaur Fighter)           Turns: 2304, Time: 00:01:38

HP:   -3/58 (61)    AC:  7    Str: 23    XL:     7   Next: 13%
MP:   6/6           EV:  7    Int:  7    God:    Cheibriados [*.....]
Gold: 62            SH:  5    Dex: 13    Spells: 6/6 levels left

rFire   . . .      SeeInvis .   a - +0 war axe
rCold   . . .      Faith    .   c - +0 buckler
rNeg    . . .      Spirit   .   b - +0 scale mail
rPois   .          Reflect  .   (helmet restricted)
rElec   .          Harm     .   (no cloak)
rCorr   .          Rampage  .   (no gloves)
Will    .....                   (no boots)
Stlth   ..........              (no amulet)
HPRegen 0.19/turn               (no ring)
MPRegen 0.10/turn               (no ring)

@: constricted, lightly drained, very slow
A: horns 2, retaliatory headbutt
a: Renounce Religion, Bend Time


You were on level 4 of the Dungeon.
You worshipped Cheibriados.
Cheibriados was aware of your devotion.
You visited 2 branches of the dungeon, and saw 6 of its levels.
You also visited: Sewer.

You collected 62 gold pieces.

Inventory:

Hand Weapons
 a - a +0 war axe (weapon)
Missiles
 h - 4 boomerangs (quivered)
Armour
 b - a +0 scale mail (worn)
 c - a +0 buckler (worn)
Scrolls
 f - a scroll of vulnerability
 j - 2 scrolls of poison {unknown}
 l - a scroll of magic mapping {unknown}
 m - a scroll of enchant armour {unknown}
 n - a scroll of fog
 o - a scroll of immolation
 r - a scroll of fear {unknown}
 s - a scroll of blinking {unknown}
 t - a scroll of acquirement {unknown}
Potions
 d - a potion of might
 e - a potion of resistance {unknown}
 g - a potion of degeneration {unknown}
 i - a potion of lignification {unknown}
 k - a potion of ambrosia {unknown}
 p - 2 potions of haste {unknown}
 q - a potion of magic {unknown}


   Skills:
 + Level 5.6 Fighting
 * Level 6.5 Axes
 + Level 5.6 Armour
 + Level 1.5 Dodging
 - Level 3.6 Shields
 + Level 1.3 Invocations


You had 6 spell levels left.
You didn't know any spells.
Your spell library was empty.

Dungeon Overview and Level Annotations

Branches:
Dungeon (5/15)             Temple (1/1) D:5           Sewer (visited)

Altars:
Ashenzari
Cheibriados
Dithmenos
Elyvilon
Fedhas
Kikubaaqudgha
Ru
Sif Muna
Trog
Uskayaw
Vehumet
Wu Jian
Xom
Zin

Shops:
D:3 (


Innate Abilities, Weirdness & Mutations

You have a pair of horns on your head.
You reflexively headbutt those who attack you in melee.


Message History

Found a pair of boots.
You slash the wight!
The wight is heavily damaged.
You block the wight's attack.
You slash the wight!
You destroy the wight!
Cheibriados thoroughly appreciates the change of pace.
Your Dodging skill increases to level 1!
Your Invocations skill increases to level 1!
No target in view!
No target in view!
No target in view!
No target in view!
No target in view!
A scorpion comes into view.
Things that are here:
a +0 battleaxe; a +0 robe You see here 2 scrolls labelled CAOKOE XEOMA.
You barely miss the scorpion. Your headbutt misses the scorpion.
You block the scorpion's attack. The scorpion stings you.
You hit the scorpion.
The scorpion is lightly wounded.
The scorpion closely misses you.
You slash the scorpion! Your headbutt misses the scorpion.
The scorpion is severely wounded.
The scorpion stings you but does no damage.
The scorpion barely misses you.
You hit the scorpion but do no damage. You headbutt the scorpion.
The scorpion is severely wounded.
The scorpion closely misses you.
You hit the scorpion.
You kill the scorpion!
Cheibriados thoroughly appreciates the change of pace.
You have reached level 7!
A wight comes into view. It is wielding a +5 long sword.
A wight comes into view. It is wielding a +3 war axe.
Found a mace.
The wight hits you with a +5 long sword!
You feel drained. The wight closely misses you.
A goblin comes into view. It is wielding a +0 dagger.
The goblin shouts!
You hear an angry hiss.
The wight attacks as you move away!
The wight hits you with a +5 long sword!
A ball python comes into view.
The ball python hisses angrily.
You see here 6 poisoned darts.
The wight attacks as you move away! The wight hits you with a +3 war axe!
A giant cockroach and an iguana come into view.
The wight hits you with a +5 long sword.
The wight barely misses you.
You see here a +0 pair of boots.
You hit the wight.
The wight is moderately damaged.
You barely miss the goblin. You closely miss the wight.
The goblin barely misses you. You furiously retaliate!
You headbutt the goblin!
You kill the goblin!
Cheibriados thoroughly appreciates the change of pace.
You can now bend time to slow others.
Cheibriados raises the support of your attributes as your movement slows.
The wight hits you but does no damage. The wight misses you.
You barely miss the wight. Your headbutt misses the wight.
The wight is moderately damaged.
You hit the ball python but do no damage.
You closely miss the wight. The wight hits you with a +3 war axe.
You feel drained.
The wight hits you with a +5 long sword!
* * * LOW HITPOINT WARNING * * *
The ball python barely misses you. The ball python grabs you.
The ball python constricts you.
You are too injured to fight recklessly!
You are too injured to fight recklessly!
Unknown command.
Okay, then.
You feel much better.
The ball python bites you but does no damage.
The ball python constricts you. The wight barely misses you.
The wight hits you with a +5 long sword!
You feel drained.
An adder comes into view.
You slash the wight! You headbutt the wight.
You destroy the wight!
Cheibriados appreciates the change of pace.
You hit the ball python but do no damage.
You hit the wight but do no damage. You hit the giant cockroach.
You block the ball python's attack. The ball python constricts you.
The giant cockroach bites you but does no damage.
The wight barely misses you. You furiously retaliate!
You headbutt the wight. You block the ball python's attack.
The ball python constricts you.
You barely miss the wight. You headbutt the wight.
The wight is heavily damaged.
You hit the iguana but do no damage. You closely miss the giant cockroach.
You closely miss the ball python.
The giant cockroach bites you but does no damage.
The iguana hisses menacingly.
The iguana bites you. The wight hits you with a +3 war axe!
* * * LOW HITPOINT WARNING * * *
You block the ball python's attack. The ball python constricts you.
The giant cockroach bites you but does no damage.
The wight hits you with a +3 war axe!
You die...

#....# ##?#......
#....# #..#......
#....###.)...####
#........?....... .
#....##.###...#.#
#.###......<.........
#...........#.......#
...)....(.......###..
###..B@z.....#.# ..
#..)Sl...#.#...
............#.# ##.
.###........#.#
#...S.##... ......#
#### .#.....#
###......


You could see an iguana, a wight, an adder, a giant cockroach and a ball python.

Vanquished Creatures
  2 bullfrogs (Sewer)
  A scorpion (D:4)
  2 wights (D:4)
  A gnoll bouda (D:5)
  An iguana (D:5)
  12 adders
  2 gnolls (D:5)
  2 river rats (Sewer)
  An ufetubus (D:5)
  2 worms
  10 orcs
  3 bats
  4 endoplasms
  A giant cockroach (D:2)
  A goblin (D:4)
  2 hobgoblins
  2 kobolds (D:2)
  6 quokkas
  9 ball pythons (Sewer)
  3 frilled lizards
  22 rats
89 creatures vanquished.

Notes
Turn   | Place    | Note
-------+----------+-------------------------------------------
     0 | D:1      | Flugkiller the Minotaur Fighter began the quest for the
                  | Orb.
     0 | D:1      | Reached XP level 1. HP: 19/19 MP: 0/0
   171 | D:2      | Reached skill level 3 in Axes
   171 | D:2      | Reached XP level 2. HP: 26/27 MP: 1/1
   408 | D:2      | Found a radiant altar of Vehumet.
   586 | D:2      | Reached XP level 3. HP: 33/33 MP: 2/2
   791 | D:3      | Found a glowing drain.
   795 | Sewer    | Entered a sewer
   865 | Sewer    | Reached skill level 4 in Axes
   909 | Sewer    | Reached XP level 4. HP: 38/40 MP: 3/3
  1069 | Sewer    | Noticed a bullfrog
  1069 | Sewer    | Noticed a bullfrog
  1075 | Sewer    | Killed a bullfrog
  1076 | Sewer    | Reached skill level 5 in Axes
  1076 | Sewer    | Reached XP level 5. HP: 24/47 MP: 4/4
  1079 | Sewer    | Reached skill level 5 in Fighting
  1079 | Sewer    | Reached skill level 5 in Armour
  1079 | Sewer    | Reached XP level 6. HP: 12/56 MP: 5/5
  1353 | D:3      | Found Vointergh's Antique Weapon Shoppe.
  1390 | D:3      | You fall into a shaft and drop 2 floors!
  1390 | D:5      | Entered Level 5 of the Dungeon
  1563 | D:5      | Found a staircase to the Ecumenical Temple.
  1573 | Temple   | Entered the Ecumenical Temple
  1641 | Temple   | Became a worshipper of Cheibriados the Contemplative
  1941 | D:5      | Reached skill level 6 in Axes
  2057 | D:5      | Found an ancient bone altar of Kikubaaqudgha.
  2287 | D:4      | Reached skill level 1 in Dodging
  2287 | D:4      | Reached skill level 1 in Invocations
  2295 | D:4      | Reached XP level 7. HP: 61/61 MP: 6/6
  2300 | D:4      | Reached * piety under Cheibriados
  2304 | D:4      | Slain by a wight

Illustrated notes

Levels and vault maps discovered:
D:1:      tarquinn_simple_flora_water_b, layout_loops_cross,
          hellmonk_ecumenical_altar_inner_sanctum, minmay_misc_feat_enclosed
D:2:      layout_loops_ring, basic_altar
D:3:      minmay_skewed_foursquare, layout_basic, mainiacjoe_overflow_two_lobes,
          serial_shops, shop, gup_sewer_entry_bowl, serial_curves,
          eino_curves_01, eino_curves_01, eino_curves_02, eino_curves_03,
          serial_bayou_ford_a
D:4:      layout_rooms, minmay_bent
D:5:      layout_basic, mainiacjoe_overflow_small_starburst,
          minmay_temple_entry_arrows, nicolae_shop_dragon_depot
Temple:   nicolae_temple_hex_pool

Skill      XL: |  1  2  3  4  5  6 |
---------------+-------------------+-----
Axes           | 3 4 5 6 |  6.5
Fighting       | 4 5 |  5.6
Armour         | 4 5 |  5.6
Dodging        | 1 |  1.5
Invocations    | 1 |  1.3
Shields        | |  3.6

Action                   |  1- 3 |  4- 6 |  7- 9 || total
-------------------------+-------+-------+-------++-------
Melee: War axe           |    74 |   101 |     4 ||   179
       Headbutt          |    12 |    14 |     2 ||    28
  Use: Potion            |       |     2 |     1 ||     3
       Scroll            |       |     5 |       ||     5
Armor: Scale mail        |    26 |    68 |     5 ||    99
Dodge: Dodged            |    31 |    78 |     7 ||   116
Block: Buckler           |    16 |    33 |     3 ||    52
